 Dungeon Crawl Stone Soup version 0.23.0-41-g86b089e62c (webtiles) character file.

Game seed: 18202214393225071596

54630 Gargoyl the Carver (level 14, -2/118 HPs)
             Began as a Centaur Abyssal Knight on Feb 27, 2019.
             Was a High Priest of Lugonu.
             Slain by a white ugly thing (33 damage)
             ... on level 12 of the Dungeon.
             The game lasted 00:37:26 (18280 turns).

Gargoyl the Carver (Centaur Abyssal Knight)        Turns: 18280, Time: 00:37:26

Health: -2/118     AC: 18    Str: 22      XL:     14   Next: 35%
Magic:  22/22      EV: 11    Int:  9 (11) God:    Lugonu [*****.]
Gold:   952        SH:  3    Dex: 11      Spells: 13/13 levels left

rFire    + . .     SeeInvis +   x - +9 sword of Zonguldrok {reap}
rCold    . . .     Gourm    .   e - +0 buckler
rNeg     + . .     Faith    .   r - +3 chain mail "Xypuunk" {Str+4 Slay+3}
rPois    .         Spirit   .   o - +0 helmet
rElec    +         Reflect  .   (no cloak)
rCorr    .         Harm     .   q - +0 pair of gloves of the Chupacabra {rElec rF+ rN+ MR+} (curse)
MR       ++...                  (no barding)
Stlth    ..........             d - amulet of regeneration
HPRegen  0.69/turn              p - +3 ring of evasion
MPRegen  0.18/turn              A - ring of see invisible

@: afraid, very quick
A: large, hooves 3, molten scales 1, blink, deformed body, speed 2, sense
surroundings 1, tough skin 3
a: Blink, Depart the Abyss, Bend Space, Banish, Corrupt, Enter the Abyss,
Renounce Religion


You were on level 12 of the Dungeon.
You worshipped Lugonu.
Lugonu was extremely pleased with you.
You were not hungry.

You visited 2 branches of the dungeon, and saw 18 of its levels.
You visited the Abyss 2 times.

You collected 1175 gold pieces.
You spent 223 gold pieces at shops.

Inventory:

Hand Weapons
 a - a +3 hand axe of chopping
 n - a +1 falchion of flaming
 x - the +9 sword of Zonguldrok (weapon) {reap}
   (You found it on level 5 of the Dungeon)

   If a monster killed with it leaves a corpse in good enough shape, the corpse
   will be animated as a zombie friendly to the killer.
 I - a +5 scimitar of holy wrath
Missiles
 F - 6 tomahawks (quivered)
Armour
 e - a +0 buckler (worn)
 o - a +0 helmet (worn)
 q - the cursed +0 pair of gloves of the Chupacabra (worn) {rElec rF+ rN+ MR+}
   (You found it on level 6 of the Lair of Beasts)

   It protects you from fire.
   It insulates you from electricity.
   It protects you from negative energy.
   It affects your resistance to hostile enchantments.
   It has a curse placed upon it.
 r - the +3 chain mail "Xypuunk" (worn) {Str+4 Slay+3}
   (You found it on level 4 of the Dungeon)

   It affects your strength (+4).
   It affects your accuracy and damage with ranged weapons and melee attacks
   (+3).
Jewellery
 d - an amulet of regeneration (around neck)
 m - an uncursed ring of resist corrosion
 p - a +3 ring of evasion (left hand)
 s - an uncursed ring of protection from magic
 A - a ring of see invisible (right hand)
 H - a +3 amulet of reflection
Wands
 h - a wand of scattershot (5)
 C - a wand of flame (23)
 D - a wand of paralysis (11)
 E - a wand of random effects (10)
 J - a wand of acid (20)
Scrolls
 b - 12 scrolls of remove curse
 f - 3 scrolls of teleportation
 g - 4 scrolls of identify
 t - 2 scrolls of fog
 u - a scroll of blinking
 v - 6 scrolls of magic mapping
 y - 3 scrolls of fear
Potions
 i - 3 potions of curing
 j - 4 potions of magic
 l - 4 potions of might
 w - 4 potions of haste
 z - 2 potions of brilliance
 B - 3 potions of berserk rage
 G - 2 potions of flight
Comestibles
 c - 21 rations


   Skills:
 + Level 9.4 Fighting
 + Level 12.0 Long Blades
 + Level 5.4 Axes
 + Level 0.1 Throwing
 * Level 10.1 Armour
 * Level 7.7 Dodging
 * Level 11.6 Invocations
 + Level 0.9 Evocations


You had 13 spell levels left.
You didn't know any spells.
Your spell library contained the following spells:

 Spells                   Type           Power        Failure   Level  Hunger
 Animate Skeleton         Necr           N/A          99%         1    ##.....
 Apportation              Tloc           #.....       99%         1    ##.....
 Confusing Touch          Hex            #.....       99%         1    ##.....
 Flame Tongue             Conj/Fire      #....        99%         1    ##.....
 Summon Small Mammal      Summ           #...         99%         1    ##.....
 Throw Flame              Conj/Fire      #.....       99%         2    ###....
 Confuse                  Hex            #.......     100%        3    ####...
 Conjure Flame            Conj/Fire      #.......     100%        3    ####...
 Gell's Gravitas          Tloc           #.........   100%        3    ####...
 Inner Flame              Hex/Fire       #.......     100%        3    ####...
 Cause Fear               Hex            #.........   100%        4    #####..
 Petrify                  Tmut/Erth      #.......     100%        4    #####..
 Sticky Flame             Conj/Fire      #.......     100%        4    #####..
 Bolt of Magma            Conj/Fire/Erth #.........   100%        5    ######.
 Fireball                 Conj/Fire      #.........   100%        5    ######.
 Iskenderun's Battlesphe  Conj/Chrm      #.......     100%        5    ######.
 Metabolic Englaciation   Hex/Ice        #.........   100%        5    ######.
 Silence                  Hex/Air        #.........   100%        5    ######.
 Venom Bolt               Conj/Pois      #.........   100%        5    ######.
 Yara's Violent Unravell  Hex/Tmut       #.........   100%        5    ######.
 Deflect Missiles         Chrm/Air       #.........   100%        6    #######
 Iron Shot                Conj/Erth      #.........   100%        6    #######
 Orb of Destruction       Conj           #.........   100%        7    #######
 Spellforged Servitor     Conj/Summ      #.........   100%        7    #######
 Discord                  Hex            #.........   100%        8    #######


Dungeon Overview and Level Annotations

Branches:
Dungeon (12/15)            Temple (0/1) D:6            Lair (6/6) D:8
  Swamp (0/4) Lair:3        Snake (0/4) Lair:2        Slime (0/5) Lair:6
    Orc (0/2) D:12

Altars:
Gozag
Trog
Xom
Yredelemnul
Jiyva

Shops:
D:4 [(!!=   D:9 *

Annotations:
Lair:4 exclusion: oklob plant


Innate Abilities, Weirdness & Mutations

You have hooves in place of feet.
Armour fits poorly on your strangely shaped body.
You cover ground very quickly.
You have extremely tough skin. (AC +3)
You are partially covered in molten scales. (AC +2)
You can translocate small distances at will.
You passively map a small area around you.


Message History

The white ugly thing closely misses you.
You riposte.
You hit the white ugly thing.
The white ugly thing is heavily wounded.
You slice the white ugly thing!! Your kick misses the white ugly thing.
The white ugly thing is severely wounded.
You block the white ugly thing's attack.
You feel better. The white ugly thing barely misses you.
You barely miss the white ugly thing. You kick the white ugly thing!
The white ugly thing is almost dead.
The white ugly thing engulfs you. The white ugly thing freezes you!!
* * * LOW HITPOINT WARNING * * *
You feel better.
The glowing orange brain pulsates.
Something tries to feed on your intellect!
The white ugly thing engulfs you but does no damage.
You feel better.
The glowing orange brain blinks!
The white ugly thing engulfs you.
* * * LOW HITPOINT WARNING * * *
The white ugly thing freezes you!!
You die...

#.#####..........).........##.# #
#....[.............)......<.#.###
#######Z..........>.............#
#.....................#....
###.##...............##....
#.##......!.(....####...)
#.##.....................
#.########..#########....
#.....§u@...# #.##. * *
#######.###### #.... #....#).#
####. ,, #!#.#.#..# #. ,
#..!.'uG# #. + ...#?.'..# ## ,
§#.!..'.## * , ,#.#.#.#.# ,
.#..?.#.#


You could see a white ugly thing.

Vanquished Creatures
  A very ugly thing (D:12)
  5 dire elephants (Lair:6)
  The ghost of Zimaveycw the Spear-Bearer, a journeyman OpFi of Cheibriados (Lair:5)
  An anaconda (Lair:6)
  3 hydras
  11 death yaks
  Urug (Lair:4)
  The ghost of Jukra the Cleaver, a novice MiBe of Trog (Lair:1)
  A large abomination (Abyss:1)
  A deep elf mage (D:12)
  3 cyclopes (D:12)
  5 ugly things (D:12)
  A manticore (D:12)
  11 elephants
  4 black mambas
  Joseph (D:7)
  2 spiny frogs
  2 rime drakes
  6 komodo dragons
  A troll (D:10)
  12 blink frogs
  Prince Ribbit (D:5)
  A hornet (D:10)
  A slime creature (D:11)
  6 dream sheep
  7 hippogriffs
  26 yaks
  2 wyverns
  2 basilisks
  A hungry ghost (D:10)
  Menkaure (D:7)
  A soldier ant (D:11)
  2 wargs (D:12)
  A porcupine (Lair:3)
  22 water moccasins
  3 orc warriors
  5 ice beasts
  A hornet zombie (D:9)
  An eye of draining (D:11)
  2 phantoms
  2 sky beasts
  3 black bears
  3 ogres
  9 centaurs
  9 wolves
  9 crocodiles
  3 big kobolds (D:10)
  11 bullfrogs
  2 wyvern skeletons (D:12)
  3 scorpions
  11 wights
  An electric eel (Lair:3)
  2 howler monkeys (D:9)
  11 crimson imps
  2 centaur zombies
  2 bullfrog zombies
  A quasit (D:11)
  6 hounds
  3 jellies
  9 orc priests
  9 orc wizards
  4 centaur skeletons
  An iguana (D:8)
  6 worker ants
  Robin (D:3)
  3 gnolls (D:6)
  A worker ant zombie (D:6)
  21 adders
  5 shadow imps
  2 oozes
  2 adder zombies
  3 dart slugs
  5 worms
  3 leopard geckos
  56 orcs
  4 ball pythons
  4 giant cockroaches
  2 gnoll zombies (D:9)
  11 goblins
  6 hobgoblins
  10 jackals
  5 quokkas
  A bat (D:3)
  4 frilled lizards
  5 kobolds
  A leopard gecko zombie (D:5)
  A quokka skeleton (D:4)
  3 rats
  A fungus (Lair:5)
  2 plants (Lair:6)
444 creatures vanquished.

Vanquished Creatures (collateral kills)
  Sonja (Lair:2)
  An unseen horror (D:11)
  A cyclops (D:10)
  An elephant (Lair:6)
  2 black mambas
  A rime drake (Lair:2)
  A hippogriff (Lair:4)
  6 blink frogs
  2 dream sheep (Lair:6)
  3 yaks
  9 water moccasins
  An orc warrior (D:10)
  A necrophage (D:10)
  2 wolves (Lair:2)
  3 bullfrogs
  A wight (D:10)
  2 electric eels
  2 orc wizards
  A hound skeleton (D:8)
  4 adders
  A gnoll (D:6)
  A shadow imp (D:11)
  An adder zombie (D:6)
  5 orcs
  A ball python (Lair:2)
  A quokka zombie (D:6)
  A fungus (Lair:2)
  A plant (Lair:2)
57 creatures vanquished.

Vanquished Creatures (others)
  A slime creature (D:11)
  5 hydras
  3 electric eels (Lair:3)
  An orc (D:6)
  2 fungi (Lair:2)
  6 plants
18 creatures vanquished.

Grand Total: 519 creatures vanquished

Notes
Turn   | Place    | Note
-------+----------+-------------------------------------------
     0 | Abyss:1  | Gargoyl the Centaur Abyssal Knight began the quest for the
                  | Orb.
     0 | Abyss:1  | Reached XP level 1. HP: 19/19 MP: 2/2
    47 | Abyss:3  | Found a corrupted altar of Lugonu.
    56 | Abyss:3  | Found a corrupted altar of Lugonu.
    83 | Abyss:3  | Noticed an iron imp
    93 | D:1      | Escaped the Abyss
   184 | D:1      | Reached * piety under Lugonu
   331 | D:1      | Reached XP level 2. HP: 20/26 MP: 3/3
   962 | D:2      | Reached skill level 1 in Dodging
  1019 | D:2      | Reached XP level 3. HP: 4/31 MP: 4/4
  1294 | D:2      | Found a faded altar of an unknown god.
  1733 | D:3      | Reached XP level 4. HP: 38/38 MP: 5/5
  1908 | D:3      | Reached ** piety under Lugonu
  1920 | D:3      | Noticed Robin
  1928 | D:3      | Killed Robin
  2319 | D:4      | Got a dazzling chain mail
  2333 | D:4      | Identified the +3 chain mail "Xypuunk" {Str+4 Slay+3} (You
                  | found it on level 4 of the Dungeon)
  2418 | D:4      | Found Saolum's Jewellery Shoppe.
  2518 | D:4      | Reached XP level 5. HP: 45/45 MP: 7/7
  2568 | D:4      | Noticed an ogre
  2575 | D:4      | Killed an ogre
  2652 | D:4      | Reached XP level 6. HP: 52/52 MP: 8/8
  2774 | D:4      | Found Gawocs's Distillery.
  2781 | D:4      | Bought a potion of heal wounds for 70 gold pieces
  2781 | D:4      | Bought a potion of heal wounds for 70 gold pieces
  2808 | D:4      | Found Bigulo's Distillery.
  2815 | D:4      | Bought a potion of heal wounds for 50 gold pieces
  2830 | D:4      | Noticed an orc warrior
  2831 | D:4      | Found Jaedub's Weapon Shoppe.
  3033 | D:4      | Found Doasoadd's Antique Armour Shoppe.
  3217 | D:5      | Entered Level 5 of the Dungeon
  3292 | D:5      | Reached XP level 7. HP: 36/59 MP: 9/9
  3431 | D:5      | Reached *** piety under Lugonu
  3522 | D:5      | Noticed Prince Ribbit
  3524 | D:5      | Found the +9 sword of Zonguldrok {reap}
  3543 | D:5      | Killed Prince Ribbit
  3543 | D:5      | Reached skill level 5 in Axes
  3543 | D:5      | Reached XP level 8. HP: 27/67 MP: 11/11
  4056 | D:6      | Reached skill level 1 in Long Blades
  4176 | D:6      | Reached skill level 2 in Long Blades
  4207 | D:6      | Reached skill level 5 in Invocations
  4222 | D:6      | Found a staircase to the Ecumenical Temple.
  4305 | D:6      | Reached skill level 3 in Long Blades
  4309 | D:6      | Reached skill level 5 in Fighting
  4615 | D:7      | Noticed Menkaure
  4622 | D:7      | Reached **** piety under Lugonu
  4622 | D:7      | Reached XP level 9. HP: 39/74 MP: 11/13
  4623 | D:7      | Killed Menkaure
  4666 | D:7      | Noticed Joseph
  4718 | D:7      | Reached skill level 4 in Long Blades
  4769 | D:7      | Killed Joseph
  5341 | D:7      | Reached skill level 5 in Long Blades
  5361 | D:7      | Reached skill level 5 in Armour
  5374 | D:7      | Found an opulent altar of Gozag.
  5787 | D:8      | Found a staircase to the Lair.
  6360 | D:8      | Reached XP level 10. HP: 77/83 MP: 14/14
  6483 | D:8      | Reached ***** piety under Lugonu
  6483 | D:8      | Reached skill level 6 in Long Blades
  6573 | Lair:1   | Entered Level 1 of the Lair of Beasts
  6629 | Lair:1   | Found a shimmering altar of Xom.
  6874 | Lair:1   | Gained mutation: You are partially covered in molten
                  | scales. (AC +2) [potion of mutation]
  6874 | Lair:1   | Gained mutation: You passively map a small area around you.
                  | [potion of mutation]
  6874 | Lair:1   | Gained mutation: You can translocate small distances at
                  | will. [potion of mutation]
  7099 | Lair:1   | Reached skill level 7 in Long Blades
  7126 | Lair:1   | Found a runed translucent door.
  7128 | Lair:1   | Noticed Jukra's ghost (novice MiBe)
  7470 | Lair:1   | Killed Jukra's ghost
  7537 | Lair:2   | Noticed an eight-headed hydra
  7553 | Lair:1   | Banished an eight-headed hydra
  7648 | Lair:2   | Reached XP level 11. HP: 68/91 MP: 16/16
  7725 | Lair:2   | Reached skill level 5 in Dodging
  7809 | Lair:2   | Noticed Sonja
  7828 | Lair:2   | Killed Sonja
  7828 | Lair:2   | Reached skill level 8 in Long Blades
  7894 | Lair:2   | Found a staircase to the Snake Pit.
  8526 | Lair:2   | Noticed a four-headed hydra
  8538 | Lair:2   | Killed an eight-headed hydra
  8985 | Lair:3   | Found a staircase to the Swamp.
  9368 | Lair:3   | Reached skill level 9 in Long Blades
 10182 | Lair:3   | Reached XP level 12. HP: 98/100 MP: 18/18
 10337 | Lair:4   | Noticed a five-headed hydra
 10338 | Lair:4   | Banished a five-headed hydra
 10672 | Lair:4   | Noticed Urug
 10695 | Lair:4   | Killed Urug
 10837 | Lair:4   | Found a bloodstained altar of Trog.
 10995 | Lair:4   | Reached skill level 10 in Long Blades
 11074 | Lair:4   | Found the +8 whip "Snakebite" {curare, rPois}
 11401 | Lair:5   | Found a runed translucent gate.
 11401 | Lair:5   | Found a runed translucent gate.
 11401 | Lair:5   | Found a runed translucent gate.
 11402 | Lair:5   | Noticed an 11-headed hydra
 11402 | Lair:5   | Noticed Zimaveycw's ghost (journeyman OpFi)
 11402 | Lair:5   | Noticed a 12-headed hydra
 11477 | Abyss:1  | Noticed a starcursed mass
 11477 | Lair:5   | Escaped the Abyss
 11478 | Lair:5   | HP: 4/101 [Zimaveycw's ghost (5)]
 11643 | Lair:5   | Noticed a five-headed hydra
 11644 | Lair:5   | Banished a five-headed hydra
 11695 | Lair:5   | Banished an 11-headed hydra
 11701 | Lair:5   | Reached skill level 10 in Invocations
 11907 | Lair:5   | Noticed a seven-headed hydra
 11919 | Lair:5   | Killed an eight-headed hydra
 11965 | Lair:5   | Killed Zimaveycw's ghost
 12166 | Lair:5   | Killed a 16-headed hydra
 12395 | Lair:6   | Entered Level 6 of the Lair of Beasts
 12395 | Lair:6   | Found the +3 pair of gauntlets of War {Slay+5}
 12404 | Lair:6   | Reached XP level 13. HP: 102/107 MP: 20/20
 12443 | Lair:6   | Got a pair of spiked gloves
 12454 | Lair:6   | Identified the cursed +0 pair of gloves of the Chupacabra
                  | {rElec rF+ rN+ MR+} (You found it on level 6 of the Lair of
                  | Beasts)
 13003 | Lair:5   | Reached skill level 11 in Long Blades
 13533 | Lair:6   | Found a staircase to the Slime Pits.
 13534 | Lair:6   | Found a viscous altar of Jiyva.
 14083 | Lair:6   | Noticed a dire elephant
 14097 | Lair:6   | Killed a dire elephant
 14194 | Lair:6   | Noticed a dire elephant
 14194 | Lair:6   | Noticed a dire elephant
 14220 | Lair:6   | Killed a dire elephant
 14235 | Lair:6   | Killed a dire elephant
 14393 | Lair:6   | Noticed a dire elephant
 14406 | Lair:6   | Killed a dire elephant
 14414 | Lair:6   | Noticed a dire elephant
 14447 | Lair:6   | Killed a dire elephant
 15262 | D:9      | Found Lutzuysu's Assorted Antiques.
 15270 | D:9      | Bought a scroll labeled KAEPRER ESEXT for 33 gold pieces
 15446 | D:9      | Found a basalt altar of Yredelemnul.
 15837 | D:10     | Entered Level 10 of the Dungeon
 16134 | D:10     | Reached XP level 14. HP: 118/118 MP: 22/22
 17604 | D:12     | Found a staircase to the Orcish Mines.
 17893 | D:11     | Reached skill level 10 in Armour
 18220 | D:12     | Found a runed translucent gate.
 18220 | D:12     | Found a runed translucent gate.
 18220 | D:12     | Found a runed translucent gate.
 18220 | D:12     | Noticed a cyan very ugly thing
 18251 | D:12     | Killed a red very ugly thing
 18251 | D:12     | Reached skill level 12 in Long Blades
 18280 | D:12     | Slain by a white ugly thing

Skill      XL: |  1  2  3  4  5  6  7  8  9 10 11 12 13 14 |
---------------+-------------------------------------------+-----
Axes           | 2 3 4 5 |  5.4
Dodging        | 1 2 3 4 5 6 7 |  7.7
Armour         | 2 3 4 5 6 7 8 9 10 | 10.1
Invocations    | 3 4 5 6 7 9 10 11 | 11.6
Fighting       | 4 5 6 7 8 9 |  9.4
Long Blades    | 3 5 7 9 10 11 12 | 12.0
Throwing       | |  0.1
Evocations     | |  0.9

Action                   |  1- 3 |  4- 6 |  7- 9 | 10-12 | 13-15 || total
-------------------------+-------+-------+-------+-------+-------++-------
Melee: Hand axe          |    90 |   101 |    43 |       |       ||   234
       Kick              |    12 |    36 |    45 |   122 |   189 ||   404
       Double sword      |       |       |   134 |   354 |   463 ||   951
       Scimitar          |       |       |       |     5 |       ||     5
Throw: Tomahawk          |       |       |       |     3 |     3 ||     6
Invok: Depart the Abyss  |     1 |       |       |     1 |       ||     2
       Banish            |       |       |       |    13 |     4 ||    17
       Bend Space        |       |       |       |     1 |     1 ||     2
       Enter the Abyss   |       |       |       |     1 |       ||     1
Evoke: Wand              |       |       |       |     6 |     3 ||     9
  Use: Scroll            |     7 |       |    11 |    16 |     8 ||    42
       Potion            |     1 |       |     1 |     4 |     8 ||    14
 Stab: Paralysed         |       |       |       |     4 |       ||     4
       Distracted        |       |       |       |       |     2 ||     2
  Eat: Chunk             |     1 |     4 |     2 |     6 |     9 ||    22
       Ration            |       |       |     2 |     4 |     3 ||     9
Armor: Leather armour    |    35 |    11 |       |       |       ||    46
       Chain mail        |       |    38 |   138 |   307 |   312 ||   795
Dodge: Dodged            |    35 |    44 |   115 |   276 |   316 ||   786
Block: Buckler           |       |       |       |       |     2 ||     2
       Rpst.: Double sword |       |       |    26 |    73 |    56 ||   155
       Scimitar          |       |       |       |     1 |       ||     1
